 Dungeon Crawl Stone Soup version 0.28-a0-533-g9f97627e2a (webtiles) character file.

Game seed: 1845465578357421999

53 willcat the Sneak (level 3, 0/39 HPs)
             Began as an Octopode Delver on Sept 26, 2021.
             Slain by a jackal zombie (1 damage)
             ... in an ossuary.
             The game lasted 00:01:03 (250 turns).

willcat the Sneak (Octopode Delver)                  Turns: 250, Time: 00:01:03

Health: 0/39       AC: 21    Str: 11    XL:     3   Next: 89%
Magic:  3/3        EV:  2    Int: 13    God:
Gold:   13         SH:  0    Dex: 13    Spells: 2/2 levels left

rFire   . . .      SeeInvis .   a - +0 short sword
rCold   . . .      Faith    .   (no shield)
rNeg    + + +      Spirit   .   (helmet currently unavailable)
rPois   +          Reflect  .   (no amulet)
rElec   .          Harm     .   (no ring)
rCorr   .          Rampage  .   (no ring)
Will    .....      NoTele   +   (no ring)
Stlth   +++.......              (no ring)
HPRegen 0.13/turn               (no ring)
MPRegen 0.08/turn               (no ring)
                                (no ring)
                                (no ring)

@: tree-form, marked, hasted, very quick
A: stationary, stasis, torment immunity, boosted hp, almost no armour,
(amphibious), 8 rings, (camouflage 1), (gelatinous body 1), (nimble swimmer 1),
(tentacles)
a: no special abilities


You were in an ossuary.
You were a tree.
You visited 1 branch of the dungeon, and saw 1 of its levels.
You also visited: Ossuary.

You collected 13 gold pieces.

Inventory:

Hand Weapons
 a - a +0 short sword (weapon)
Wands
 f - a wand of digging (3)
Scrolls
 b - a scroll of fog
 c - a scroll of magic mapping
 d - a scroll of fear


   Skills:
 - Level 3.0 Fighting
 + Level 2.8 Short Blades
 + Level 2.8 Dodging
 + Level 7.2 Stealth


You had 2 spell levels left.
You didn't know any spells.
Your spell library was empty.

Dungeon Overview and Level Annotations

Branches:
Dungeon (5/15)            Ossuary (1/1)
 Temple: D:4-7

Altars:


Innate Abilities, Weirdness & Mutations

You are a tree.
Your roots penetrate the ground, keeping you stationary.
You cannot be teleported.
You are immune to unholy pain and torment.
Your maximum health is greatly increased.
You cannot wear most types of armour.
((You are amphibious.))
You can wear up to eight rings at the same time.
((Your skin changes colour to match your surroundings (Stealth+).))
((Your rubbery body absorbs attacks. (AC +1, EV +1)))
((You are camouflaged near water. (Stealth+)))
((You have tentacles for arms and can constrict up to eight enemies at once.))


Message History

The centaur zombie kicks you but does no damage.
Unknown command.
You hit the centaur zombie.
The centaur zombie is moderately damaged.
The jackal zombie bites you but does no damage.
The centaur zombie hits you but does no damage.
The centaur zombie barely misses you.
You hit the centaur zombie.
The centaur zombie is heavily damaged.
The centaur zombie hits you.
* * * LOW HITPOINT WARNING * * *
The centaur zombie kicks you but does no damage.
The jackal zombie bites you but does no damage.
You hit the centaur zombie but do no damage.
The centaur zombie is heavily damaged.
A kobold zombie comes into view.
The centaur zombie hits you but does no damage.
The centaur zombie kicks you but does no damage.
Unknown command.
You hit the centaur zombie.
The centaur zombie is heavily damaged.
The jackal zombie bites you but does no damage.
The centaur zombie hits you.
* * * LOW HITPOINT WARNING * * *
The centaur zombie kicks you but does no damage.
Unknown command.
You barely miss the mummy. The jackal zombie barely misses you.
A human zombie comes into view.
You hit the mummy.
The mummy is lightly damaged.
The centaur zombie hits you but does no damage.
The centaur zombie kicks you but does no damage.
The jackal zombie bites you but does no damage.
Unknown command.
You hit the mummy but do no damage.
The mummy is lightly damaged.
The centaur zombie hits you but does no damage.
The centaur zombie kicks you but does no damage.
The mummy hits you but does no damage. The jackal zombie bites you.
You die...

####################
#.........∩∩........
#...................
#...##############..
#...# #.. #...# #..
#...# ....+####..
#...# #.∩.....#..
#.M♣# #...... #..


#ZZZ# #..... #.. #..M# ###.... #.. #.ZZ# ..... #.. #...# #..# #.. #..Z# #^.# #..
#...# #^.# #.. #..Z######..######.. #.....Z.Z.M......... You could see 2
mummies, a jackal zombie, a goblin zombie, a hobgoblin zombie, a kobold zombie,
an orc zombie, a centaur zombie and a human zombie.

Vanquished Creatures
  A hound (D:5)
  2 adder zombies (Ossuary)
  10 hobgoblin zombies (Ossuary)
  A jackal zombie (Ossuary)
  6 kobold zombies (Ossuary)
  4 orc zombies (Ossuary)
24 creatures vanquished.

Notes
Turn   | Place    | Note
-------+----------+-------------------------------------------
     0 | D:5      | willcat the Octopode Delver began the quest for the Orb.
     0 | D:5      | Reached XP level 1. HP: 16/16 MP: 1/1
    31 | D:5      | Found a sand-covered staircase.
    42 | D:5      | Noticed a hound
    52 | D:5      | Killed a hound
    53 | D:5      | Reached skill level 7 in Stealth
    53 | D:5      | Reached XP level 2. HP: 21/21 MP: 2/2
    53 | D:5      | Reached XP level 3. HP: 26/26 MP: 3/3
    58 | Ossuary  | Entered an ossuary
   247 | Ossuary  | HP: 1/39 [centaur zombie (3)]
   250 | Ossuary  | Slain by a jackal zombie

Illustrated notes

Levels and vault maps discovered:
D:5:      layout_loops_ring, grunt_temple_overflow_open,
          nicolae_ossuary_entry_monument
Ossuary:  ossuary_tomb_1

Skill      XL: |  1 |
---------------+----+-----
Stealth        | 7 |  7.2
Fighting       | |  3.0
Short Blades   | |  2.8
Dodging        | |  2.8

Action                   || total
-------------------------++-------
Melee: Short sword       ||    75
       Constrict         ||    14
       Tentacles         ||     8
  Use: Potion            ||     2
 Stab: Sleeping          ||     8
Armor: Skin              ||    65
Dodge: Dodged            ||    34

Table legend: (Time is in decaauts)
 A = Elapsed time spent in this place.
 B = Non-inter-level travel time spent in this place.
 C = Inter-level travel time spent in this place.
 D = Time resting spent in this place.
 E = Time spent auto-exploring this place.
 F = Levels seen in this place.
 G = Mean time per level.
                   A        B        C        D        E       F      G
               +--------+--------+--------+--------+--------+-----+--------+
         Total |    237 |    237 |      0 |      3 |     47 |   2 |  118.5 |
       Dungeon |     58 |     58 |      0 |      0 |     34 |   1 |   58.0 |
       Ossuary |    179 |    179 |      0 |      3 |     13 |   1 |  179.0 |
               +--------+--------+--------+--------+--------+-----+--------+

Top non-repeatable levels by time:
 Ossuary: 179 daAuts
     D:5: 58 daAuts
